Maple Leafs vs Flames
Created - April 17, 2018 at 19:01
Goals
|
| Maple Leafs |
0 |
1 |
1 |
2 |
| Flames |
1 |
2 |
3 |
6 |
|
Shots
|
| Maple Leafs |
7 |
9 |
10 |
26 |
| Flames |
12 |
14 |
16 |
42 |
|
1st period
1. Flames , Ron Hainsey 2 (Patrik Berglund 33, Steve Regier 27) at 2:38 (PP)
Penalties :
Marc-Édouard Vlasic (Tor) for Interference (Minor) at 1:56, Artemi Panarin (Tor) for Hooking (Minor) at 5:51
2nd period
2. Flames , David Backes 40 (Eric Staal 68, Alexander Semin 60) at 5:56 (PP)
3. Flames , David Backes 41 (Eric Staal 69) at 6:16
4. Maple Leafs , Jordan Staal 25 (Claude Giroux 59, Artemi Panarin 27) at 16:05 (PP)
Penalties :
Fabian Brunnstrom (Tor) for Roughing (Minor) at 4:37, Alexander Semin (Cal) for Interference (Minor) at 14:11
3rd period
5. Maple Leafs , Claude Giroux 54 (Artemi Panarin 28, Marc-Édouard Vlasic 28) at 0:30
6. Flames , Eric Staal 38 (Alexander Semin 61, David Backes 52) at 2:00
7. Flames , David Backes 42 (Eric Staal 70) at 10:17
8. Flames , Michel Ouellet 12 (Steve Regier 28, Ron Hainsey 7) at 19:25
Penalties :
Eric Staal (Cal) for Holding (Minor) at 10:39, Erik Johnson (Cal) for Holding (Minor) at 14:34
Goalie Stats
Marc-André Fleury (Tor), 36 saves from 42 shots - (0.857), L, 31-25-10, 60:00 minutes
Pekka Rinne (Cal), 24 saves from 26 shots - (0.923), W, 34-19-6, 60:00 minutes
Players Stats for Maple Leafs
Player Name G A P +/- PIM S H SB GA TA FO MP PP MP PK MP
------------------------------------------------------------------------------------
Alex Killorn 0 0 0 0 0 1 0 0 0 1 0/0 11:48 0:00 0:00
Antoine Vermette 0 0 0 -2 0 0 1 0 1 1 1/6 12:26 0:00 0:00
Artemi Panarin 0 2 2 -3 2 1 1 0 1 0 0/0 23:54 4:04 0:24
Ben Smith 0 0 0 0 0 1 2 0 1 0 1/1 13:15 0:00 0:00
Blake Comeau 0 0 0 0 0 2 2 0 0 1 0/1 11:54 0:00 0:00
Braydon Coburn 0 0 0 -2 0 1 1 2 0 1 0/0 22:51 2:49 2:37
Claude Giroux 1 1 2 -1 0 5 3 2 0 1 1/2 19:15 4:04 2:35
Colby Armstrong 0 0 0 -2 0 1 0 0 0 0 0/0 14:10 1:48 0:00
Eric Nystrom 0 0 0 0 0 0 0 1 0 0 0/0 1:22 0:00 0:10
Fabian Brunnstrom 0 0 0 0 2 2 4 0 0 0 1/1 17:10 1:48 0:51
Gilbert Brule 0 0 0 0 0 1 1 0 1 0 7/10 16:31 1:48 1:25
John Klingberg 0 0 0 0 0 2 0 2 0 2 0/0 23:03 3:03 0:00
Jordan Staal 1 0 1 -1 0 3 2 1 0 0 16/40 22:25 4:04 2:35
Marc-Édouard Vlasic 0 1 1 0 2 3 0 1 0 0 0/0 22:12 2:49 0:00
Ryan Parent 0 0 0 -1 0 0 0 0 0 0 0/0 14:06 0:00 1:23
Taylor Chorney 0 0 0 -1 0 0 0 0 0 0 0/0 15:21 0:00 2:37
Tobias Enstrom 0 0 0 -2 0 1 0 1 1 0 0/0 22:26 3:03 1:23
Zac Dalpe 0 0 0 0 0 2 0 1 0 0 2/3 11:48 0:00 0:00
Players Stats for Flames
Player Name G A P +/- PIM S H SB GA TA FO MP PP MP PK MP
------------------------------------------------------------------------------------
Alexander Semin 0 2 2 2 2 1 3 0 0 0 1/1 21:49 2:37 1:55
Brad Marchand 0 0 0 0 0 1 2 0 1 0 0/0 15:55 0:00 1:31
Colin Wilson 0 0 0 1 0 3 2 0 1 0 0/2 12:21 0:00 0:18
David Backes 3 1 4 2 0 7 2 1 1 0 2/4 19:22 2:37 0:00
Derek Meech 0 0 0 2 0 3 3 0 0 1 0/0 20:37 2:55 3:03
Eric Staal 1 3 4 2 2 6 5 2 1 0 24/41 22:07 2:37 2:07
Erik Johnson 0 0 0 1 2 4 0 1 1 0 0/0 23:24 2:55 0:00
Jonathan Ferland 0 0 0 0 0 0 0 0 0 0 0/0 6:56 0:00 0:00
Jordin Tootoo 0 0 0 0 0 3 3 0 1 1 1/2 18:09 1:23 3:06
Lubomir Visnovsky 0 0 0 0 0 2 1 0 0 0 0/0 21:25 0:00 2:49
Marcus Nilson 0 0 0 0 0 0 0 0 0 0 0/0 7:10 0:00 0:00
Michel Ouellet 1 0 1 1 0 4 0 0 0 0 0/0 12:03 0:00 0:00
Mikhail Grabovski 0 0 0 0 0 1 5 0 0 0 3/5 9:48 0:00 2:47
Patrik Berglund 0 1 1 0 0 2 1 0 0 0 4/9 15:14 1:23 0:00
Ron Hainsey 1 1 2 2 0 1 0 0 0 0 0/0 16:20 1:05 3:03
Sami Vatanen 0 0 0 1 0 0 2 0 1 0 0/0 15:56 1:05 0:00
Steve Eminger 0 0 0 0 0 1 0 2 0 1 0/0 22:22 0:00 2:49
Steve Regier 0 2 2 1 0 3 3 1 0 2 0/0 13:07 1:23 0:00
3 Stars
1 - David Backes (Cal)
2 - Eric Staal (Cal)
3 - Ron Hainsey (Cal)
Power Play
Maple Leafs - 1 on 3 Attempt(s) - 33.33%
Flames - 2 on 3 Attempt(s) - 66.67%
Penalty Kill
Maple Leafs - 1 on 3 Attempt(s) - 33.33%
- Score 0 goal in Penalty Kill
Flames - 2 on 3 Attempt(s) - 66.67%
- Score 0 goal in Penalty Kill
Team Stat
Maple Leafs - Hits : 17 - Faceoff Wins : 29 - Blocked Shots : 11 - Penalty Minutes : 6
Flames - Hits : 32 - Faceoff Wins : 35 - Blocked Shots : 7 - Penalty Minutes : 6
Official
Referees : Hebert Ghislain and Joannette Marc
Linesman : Thor Nelson and Steve Miller
Game Notes
Eric Nystrom is injured at 3:50 of 1st period (Bruised Left Shoulder)
Sami Vatanen is injured at 1:11 of 3rd period (Bruised Right Foot)
David Backes has scored a Hat Trick!
Finance
Level 1 -- Attendance: 4578 (76.30%) -- Ticket Income $416,598
Level 2 -- Attendance: 4442 (88.84%) -- Ticket Income $253,194
Level 3 -- Attendance: 1494 (74.70%) -- Ticket Income $56,772
Level 4 -- Attendance: 3296 (82.40%) -- Ticket Income $92,288
Luxury Box -- Attendance: 784 (78.40%) -- Ticket Income $128,576
Game was played at the Metal Center.
Total Attendance: 14594 (81.08%)
Total Ticket Income: $947,428
Other Income: $142,114
Total Income: $1,089,542
Maple Leafs
5 vs 5 Forward
Center Left Wing Right Wing Time % Phy DF OF
1 Jordan Staal Artemi Panarin Claude Giroux 40 0 1 4
2 Gilbert Brule Fabian Brunnstrom Ben Smith 30 1 2 2
3 Antoine Vermette Eric Nystrom Colby Armstrong 20 1 2 2
4 Zac Dalpe Alex Killorn Blake Comeau 10 1 2 2
5 vs 5 Defense
Defense Defense Time % Phy DF OF
1 John Klingberg Marc-Édouard Vlasic 40 0 1 4
2 Braydon Coburn Tobias Enstrom 30 0 2 2
3 Taylor Chorney Ryan Parent 20 1 2 2
4 Braydon Coburn Tobias Enstrom 10 1 2 2
PowerPlay Forward
Center Left Wing Right Wing Time % Phy DF OF
1 Jordan Staal Artemi Panarin Claude Giroux 60 1 2 2
2 Gilbert Brule Fabian Brunnstrom Colby Armstrong 40 1 2 2
PowerPlay Defense
Defense Defense Time % Phy DF OF
1 John Klingberg Tobias Enstrom 60 1 2 2
2 Marc-Édouard Vlasic Braydon Coburn 40 1 2 2
Penalty Kill 4 Players Forward
Center Wing Time % Phy DF OF
1 Jordan Staal Claude Giroux 60 1 2 2
2 Gilbert Brule Eric Nystrom 40 1 2 2
Penalty Kill 4 Players Defense
Defense Defense Time % Phy DF OF
1 Braydon Coburn Taylor Chorney 60 1 2 2
2 Tobias Enstrom Ryan Parent 40 1 2 2
Penalty Kill - 3 Players Forward
Forward Time % Phy DF OF
1 Jordan Staal 60 1 2 2
2 Gilbert Brule 40 1 2 2
Penalty Kill - 3 Players Defense
Defense Defense Time % Phy DF OF
1 Braydon Coburn Taylor Chorney 60 1 2 2
2 Tobias Enstrom Ryan Parent 40 1 2 2
4 vs 4 Forward
Center Wing Time % Phy DF OF
1 Jordan Staal Claude Giroux 60 1 2 2
2 Gilbert Brule Colby Armstrong 40 1 2 2
4 vs 4 Defense
Defense Defense Time % Phy DF OF
1 Braydon Coburn Tobias Enstrom 60 1 2 2
2 John Klingberg Marc-Édouard Vlasic 40 1 2 2
Last Minutes Offensive
Center Left Wing Right Wing Defense Defense
Jordan Staal Artemi Panarin Claude Giroux John Klingberg Tobias Enstrom
Last Minutes Defensive
Center Left Wing Right Wing Defense Defense
Jordan Staal Eric Nystrom Claude Giroux Ryan Parent Braydon Coburn
Goaltenders
Starting : Marc-André Fleury
Backup : Alex Stalock
Extra Forwards
Normal : Artemi Panarin, Colby Armstrong, Jordan Staal - PP : Ben Smith, Colby Armstrong - PK : Fabian Brunnstrom
Extra Defensemen
Normal : Tobias Enstrom, Ryan Parent, Braydon Coburn - PP : Marc-Édouard Vlasic - PK : Taylor Chorney, Ryan Parent
Penalty Shots
Claude Giroux, Artemi Panarin, Fabian Brunnstrom, Colby Armstrong, Jordan Staal
Scratches
None
Flames
5 vs 5 Forward
Center Left Wing Right Wing Time % Phy DF OF
1 Eric Staal Alexander Semin David Backes 40 0 2 3
2 Patrik Berglund Brad Marchand Jordin Tootoo 33 0 2 3
3 Colin Wilson Steve Regier Michel Ouellet 19 0 2 3
4 Mikhail Grabovski Marcus Nilson Jonathan Ferland 8 0 3 2
5 vs 5 Defense
Defense Defense Time % Phy DF OF
1 Sami Vatanen Erik Johnson 38 1 2 2
2 Lubomir Visnovsky Steve Eminger 29 1 2 2
3 Derek Meech Ron Hainsey 23 1 2 2
4 Lubomir Visnovsky Steve Eminger 10 1 2 2
PowerPlay Forward
Center Left Wing Right Wing Time % Phy DF OF
1 Eric Staal Alexander Semin David Backes 60 1 1 3
2 Patrik Berglund Steve Regier Jordin Tootoo 40 1 1 3
PowerPlay Defense
Defense Defense Time % Phy DF OF
1 Derek Meech Erik Johnson 60 1 1 3
2 Sami Vatanen Ron Hainsey 40 1 1 3
Penalty Kill 4 Players Forward
Center Wing Time % Phy DF OF
1 Mikhail Grabovski Alexander Semin 50 1 3 1
2 Eric Staal Jordin Tootoo 50 1 3 1
Penalty Kill 4 Players Defense
Defense Defense Time % Phy DF OF
1 Lubomir Visnovsky Steve Eminger 58 1 3 1
2 Derek Meech Ron Hainsey 42 1 3 1
Penalty Kill - 3 Players Forward
Forward Time % Phy DF OF
1 Eric Staal 50 1 3 1
2 Alexander Semin 50 1 3 1
Penalty Kill - 3 Players Defense
Defense Defense Time % Phy DF OF
1 Lubomir Visnovsky Steve Eminger 58 1 3 1
2 Derek Meech Ron Hainsey 42 1 3 1
4 vs 4 Forward
Center Wing Time % Phy DF OF
1 Eric Staal Alexander Semin 60 1 2 2
2 Patrik Berglund Jordin Tootoo 40 1 2 2
4 vs 4 Defense
Defense Defense Time % Phy DF OF
1 Derek Meech Erik Johnson 60 1 2 2
2 Lubomir Visnovsky Steve Eminger 40 1 2 2
Last Minutes Offensive
Center Left Wing Right Wing Defense Defense
Eric Staal Alexander Semin David Backes Derek Meech Erik Johnson
Last Minutes Defensive
Center Left Wing Right Wing Defense Defense
Eric Staal Alexander Semin David Backes Lubomir Visnovsky Steve Eminger
Goaltenders
Starting : Pekka Rinne
Backup : Josh Harding
Extra Forwards
Normal : Brad Marchand, Jordin Tootoo, Patrik Berglund - PP : Brad Marchand, Jordin Tootoo - PK : Brad Marchand
Extra Defensemen
Normal : Derek Meech, Steve Eminger, Lubomir Visnovsky - PP : Derek Meech - PK : Derek Meech, Ron Hainsey
Penalty Shots
Eric Staal, Alexander Semin, David Backes, Patrik Berglund, Colin Wilson
Scratches
Brendan Mikkelson (Healthy)
% Time on Ice - Maple Leafs
Lines # - Real PCT - Wanted PCT - Time Play
Normal Forward
1 - 25% - 40% - 12:36
2 - 27% - 30% - 13:18
3 - 25% - 20% - 12:26
4 - 24% - 10% - 11:48
Normal Defense
1 - 40% - 40% - 20:01
2 - 29% - 30% - 14:27
3 - 25% - 20% - 12:43
4 - 6% - 10% - 2:57
PP Forward
1 - 69% - 60% - 4:04
2 - 31% - 40% - 1:48
PP Defense
1 - 52% - 60% - 3:03
2 - 48% - 40% - 2:49
PK Forward
1 - 65% - 60% - 2:35
2 - 35% - 40% - 1:25
PK Defense
1 - 65% - 60% - 2:37
2 - 35% - 40% - 1:23
PK3 Forward
1 - 0% - 60%
2 - 0% - 40%
PK3 Defense
1 - 0% - 60%
2 - 0% - 40%
44 Forward
1 - 0% - 60%
2 - 0% - 40%
44 Defense
1 - 0% - 60%
2 - 0% - 40%
Last Minute Offensive - 0:00
Last Minute Defensive - 0:00
Total
Forward - 60:00
Defense - 60:00
|
% Time on Ice - Flames
Lines # - Real PCT - Wanted PCT - Time Play
Normal Forward
1 - 34% - 40% - 16:50
2 - 29% - 33% - 14:19
3 - 24% - 19% - 12:03
4 - 14% - 8% - 6:56
Normal Defense
1 - 45% - 38% - 22:33
2 - 26% - 29% - 13:17
3 - 22% - 23% - 11:08
4 - 6% - 10% - 3:10
PP Forward
1 - 65% - 60% - 2:37
2 - 35% - 40% - 1:23
PP Defense
1 - 73% - 60% - 2:55
2 - 27% - 40% - 1:05
PK Forward
1 - 41% - 50% - 2:25
2 - 59% - 50% - 3:27
PK Defense
1 - 48% - 58% - 2:49
2 - 52% - 42% - 3:03
PK3 Forward
1 - 0% - 50%
2 - 0% - 50%
PK3 Defense
1 - 0% - 58%
2 - 0% - 42%
44 Forward
1 - 0% - 60%
2 - 0% - 40%
44 Defense
1 - 0% - 60%
2 - 0% - 40%
Last Minute Offensive - 0:00
Last Minute Defensive - 0:00
Total
Forward - 60:00
Defense - 60:00
|
Play by Play
1st period
0:01 of 1st period - Jordan Staal wins face-off versus Eric Staal in neutral zone.
0:12 of 1st period - Wrist shot by Claude Giroux.
0:12 of 1st period - Stopped by Pekka Rinne without a rebound.
0:13 of 1st period - Gilbert Brule wins face-off versus Patrik Berglund in Flames zone.
0:24 of 1st period - Slapshot by Fabian Brunnstrom.
0:24 of 1st period - Stopped by Pekka Rinne with a rebound.
0:26 of 1st period - Snap shot by Ben Smith.
0:26 of 1st period - Stopped by Pekka Rinne with a rebound.
0:38 of 1st period - Steve Eminger is hit by Braydon Coburn and loses puck.
0:49 of 1st period - Snap shot by Antoine Vermette.
0:49 of 1st period - Shot Misses the Net.
1:56 of 1st period - Minor Penalty to Marc-Édouard Vlasic for Interference.
1:57 of 1st period - Alexander Semin wins face-off versus Jordan Staal in Maple Leafs zone.
1:59 of 1st period - Wrist shot by Eric Staal.
1:59 of 1st period - Shot Blocked by Braydon Coburn.
2:01 of 1st period - Slapshot by Derek Meech.
2:01 of 1st period - Deflect By Taylor Chorney.
2:01 of 1st period - Stopped by Marc-André Fleury with a rebound.
2:03 of 1st period - Backhand shot by Derek Meech.
2:03 of 1st period - Stopped by Marc-André Fleury without a rebound.
2:04 of 1st period - Jordan Staal wins face-off versus Eric Staal in Maple Leafs zone.
2:14 of 1st period - Off-side.
2:15 of 1st period - Jordan Staal wins face-off versus Eric Staal in neutral zone.
2:26 of 1st period - Snap shot by Alexander Semin.
2:26 of 1st period - Shot Misses the Net.
2:28 of 1st period - Slapshot by Erik Johnson.
2:28 of 1st period - Stopped by Marc-André Fleury without a rebound.
2:29 of 1st period - Gilbert Brule wins face-off versus Jordin Tootoo in Maple Leafs zone.
2:36 of 1st period - Slapshot by Patrik Berglund.
2:36 of 1st period - Stopped by Marc-André Fleury with a rebound.
2:38 of 1st period - Backhand shot by Ron Hainsey.
2:38 of 1st period - Goal by Ron Hainsey - Maple Leafs : 0 - Flames : 1.
2:39 of 1st period - Jordan Staal wins face-off versus Eric Staal in neutral zone.
2:42 of 1st period - David Backes is hit by Jordan Staal and loses puck.
2:47 of 1st period - Slapshot by Claude Giroux.
2:47 of 1st period - Stopped by Pekka Rinne with a rebound.
2:49 of 1st period - Slapshot by John Klingberg.
2:49 of 1st period - Stopped by Pekka Rinne with a rebound.
2:55 of 1st period - Wrist shot by Jordan Staal.
2:55 of 1st period - Shot Blocked by Erik Johnson.
3:25 of 1st period - Braydon Coburn is hit by Mikhail Grabovski and loses puck.
3:50 of 1st period - Snap shot by Steve Regier.
3:50 of 1st period - Shot Blocked by Eric Nystrom.
3:50 of 1st period - Eric Nystrom from Maple Leafs is injured at 3:50 of 1st period (Bruised Left Shoulder).
3:51 of 1st period - Eric Staal wins face-off versus Jordan Staal in Maple Leafs zone.
3:58 of 1st period - Snap shot by Alexander Semin.
3:58 of 1st period - Shot Blocked by Claude Giroux.
4:08 of 1st period - Alexander Semin is hit by Claude Giroux and loses puck.
4:49 of 1st period - Snap shot by Colin Wilson.
4:49 of 1st period - Stopped by Marc-André Fleury without a rebound.
4:50 of 1st period - Eric Staal wins face-off versus Jordan Staal in Maple Leafs zone.
4:53 of 1st period - Backhand shot by Alexander Semin.
4:53 of 1st period - Shot Blocked by Braydon Coburn.
5:48 of 1st period - Wrist shot by Steve Regier.
5:48 of 1st period - Deflect By Colin Wilson.
5:48 of 1st period - Shot Blocked by Zac Dalpe.
5:48 of 1st period - Puck is out of play.
5:49 of 1st period - Jordan Staal wins face-off versus David Backes in Maple Leafs zone.
5:51 of 1st period - Minor Penalty to Artemi Panarin for Hooking.
5:52 of 1st period - Jordan Staal wins face-off versus Eric Staal in Maple Leafs zone.
6:20 of 1st period - Icing by Erik Johnson.
6:21 of 1st period - Gilbert Brule wins face-off versus Patrik Berglund in Flames zone.
6:30 of 1st period - Snap shot by Fabian Brunnstrom.
6:30 of 1st period - Stopped by Pekka Rinne with a rebound.
7:51 of 1st period - Penalty to Artemi Panarin is over, Artemi Panarin is back on ice.
7:58 of 1st period - Artemi Panarin is hit by Steve Regier and loses puck.
8:30 of 1st period - Snap shot by Artemi Panarin.
8:30 of 1st period - Stopped by Pekka Rinne without a rebound.
8:31 of 1st period - Antoine Vermette wins face-off versus Colin Wilson in Flames zone.
8:46 of 1st period - Wrist shot by Artemi Panarin.
8:46 of 1st period - Shot Misses the Net.
9:23 of 1st period - Wrist shot by Mikhail Grabovski.
9:23 of 1st period - Shot Blocked by John Klingberg.
10:23 of 1st period - Erik Johnson is hit by Fabian Brunnstrom and loses puck.
10:30 of 1st period - Fabian Brunnstrom is hit by Alexander Semin and loses puck.
10:45 of 1st period - Brad Marchand is hit by Claude Giroux and loses puck.
11:26 of 1st period - Erik Johnson is hit by Blake Comeau and loses puck.
11:33 of 1st period - Tobias Enstrom is hit by Steve Regier and loses puck.
12:25 of 1st period - Jonathan Ferland is hit by Fabian Brunnstrom and loses puck.
13:36 of 1st period - Gilbert Brule is hit by Brad Marchand.
14:06 of 1st period - Snap shot by Claude Giroux.
14:06 of 1st period - Shot Misses the Net.
14:16 of 1st period - Wrist shot by Colin Wilson.
14:16 of 1st period - Stopped by Marc-André Fleury without a rebound.
14:17 of 1st period - Fabian Brunnstrom wins face-off versus Eric Staal in Maple Leafs zone.
14:17 of 1st period - Fabian Brunnstrom is hit by Eric Staal.
15:44 of 1st period - Erik Johnson is hit by Fabian Brunnstrom and loses puck.
16:07 of 1st period - Zac Dalpe is hit by Patrik Berglund and loses puck.
16:48 of 1st period - Snap shot by Steve Regier.
16:48 of 1st period - Shot Misses the Net.
17:10 of 1st period - Mikhail Grabovski is hit by Ben Smith.
17:14 of 1st period - Fabian Brunnstrom is hit by Mikhail Grabovski and loses puck.
17:56 of 1st period - Snap shot by Eric Staal.
17:56 of 1st period - Stopped by Marc-André Fleury with a rebound.
17:58 of 1st period - Snap shot by Alexander Semin.
17:58 of 1st period - Shot Misses the Net.
18:46 of 1st period - Wrist shot by David Backes.
18:46 of 1st period - Stopped by Marc-André Fleury without a rebound.
18:47 of 1st period - Eric Staal wins face-off versus Jordan Staal in Maple Leafs zone.
19:24 of 1st period - Slapshot by Brad Marchand.
19:24 of 1st period - Stopped by Marc-André Fleury with a rebound.
19:43 of 1st period - Snap shot by Michel Ouellet.
19:43 of 1st period - Shot Blocked by John Klingberg.
19:53 of 1st period - Wrist shot by David Backes.
19:53 of 1st period - Shot Misses the Net.
19:55 of 1st period - Slapshot by Lubomir Visnovsky.
19:55 of 1st period - Stopped by Marc-André Fleury with a rebound.
19:57 of 1st period - Slapshot by Lubomir Visnovsky.
19:57 of 1st period - Deflect By Eric Staal.
19:57 of 1st period - Stopped by Marc-André Fleury without a rebound.
19:58 of 1st period - Gilbert Brule wins face-off versus Eric Staal in Maple Leafs zone.
19:58 of 1st period - Gilbert Brule is hit by Eric Staal.
Goals for this period are 0 for Maple Leafs vs 1 for Flames.
Shots for this period are 7 for Maple Leafs vs 12 for Flames.
2nd period
0:01 of 2nd period - Eric Staal wins face-off versus Claude Giroux in neutral zone.
1:20 of 2nd period - Wrist shot by Steve Regier.
1:20 of 2nd period - Stopped by Marc-André Fleury with a rebound.
1:35 of 2nd period - Wrist shot by Zac Dalpe.
1:35 of 2nd period - Stopped by Pekka Rinne with a rebound.
1:37 of 2nd period - Slapshot by Ryan Parent.
1:37 of 2nd period - Shot Blocked by Steve Regier.
1:39 of 2nd period - Snap shot by Zac Dalpe.
1:39 of 2nd period - Shot Misses the Net.
1:41 of 2nd period - Wrist shot by Blake Comeau.
1:41 of 2nd period - Stopped by Pekka Rinne without a rebound.
1:42 of 2nd period - Eric Staal wins face-off versus Jordan Staal in Flames zone.
1:46 of 2nd period - Off-side.
1:47 of 2nd period - Eric Staal wins face-off versus Jordan Staal in neutral zone.
2:42 of 2nd period - Snap shot by Patrik Berglund.
2:42 of 2nd period - Shot Blocked by Marc-Édouard Vlasic.
2:46 of 2nd period - Wrist shot by Jordin Tootoo.
2:46 of 2nd period - Stopped by Marc-André Fleury without a rebound.
2:47 of 2nd period - Eric Staal wins face-off versus Jordan Staal in Maple Leafs zone.
3:40 of 2nd period - Patrik Berglund is hit by Antoine Vermette and loses puck.
4:37 of 2nd period - Minor Penalty to Fabian Brunnstrom for Roughing.
4:38 of 2nd period - Eric Staal wins face-off versus Jordan Staal in Maple Leafs zone.
4:44 of 2nd period - Snap shot by Eric Staal.
4:44 of 2nd period - Shot Misses the Net.
5:04 of 2nd period - Taylor Chorney is hit by Jordin Tootoo and loses puck.
5:18 of 2nd period - Off-side.
5:19 of 2nd period - Gilbert Brule wins face-off versus Eric Staal in neutral zone.
5:36 of 2nd period - Icing by Derek Meech.
5:37 of 2nd period - David Backes wins face-off versus Jordan Staal in Flames zone.
5:56 of 2nd period - Wrist shot by David Backes.
5:56 of 2nd period - Goal by David Backes - Maple Leafs : 0 - Flames : 2.
5:57 of 2nd period - Eric Staal wins face-off versus Jordan Staal in neutral zone.
6:04 of 2nd period - Wrist shot by David Backes.
6:04 of 2nd period - Stopped by Marc-André Fleury with a rebound.
6:06 of 2nd period - Slapshot by Eric Staal.
6:06 of 2nd period - Stopped by Marc-André Fleury without a rebound.
6:07 of 2nd period - Eric Staal wins face-off versus Jordan Staal in Maple Leafs zone.
6:16 of 2nd period - Wrist shot by David Backes.
6:16 of 2nd period - Goal by David Backes - Maple Leafs : 0 - Flames : 3.
6:17 of 2nd period - Eric Staal wins face-off versus Jordan Staal in neutral zone.
6:20 of 2nd period - Slapshot by Erik Johnson.
6:20 of 2nd period - Stopped by Marc-André Fleury with a rebound.
6:28 of 2nd period - Slapshot by Claude Giroux.
6:28 of 2nd period - Shot Blocked by Eric Staal.
6:30 of 2nd period - Snap shot by Marc-Édouard Vlasic.
6:30 of 2nd period - Stopped by Pekka Rinne without a rebound.
6:31 of 2nd period - Jordan Staal wins face-off versus David Backes in Flames zone.
7:00 of 2nd period - Fabian Brunnstrom is hit by Sami Vatanen and loses puck.
7:10 of 2nd period - Icing by Patrik Berglund.
7:11 of 2nd period - Jordan Staal wins face-off versus Patrik Berglund in Flames zone.
7:12 of 2nd period - Wrist shot by Claude Giroux.
7:12 of 2nd period - Shot Misses the Net.
7:14 of 2nd period - Slapshot by John Klingberg.
7:14 of 2nd period - Stopped by Pekka Rinne without a rebound.
7:15 of 2nd period - Eric Staal wins face-off versus Jordan Staal in Flames zone.
7:49 of 2nd period - Wrist shot by Gilbert Brule.
7:49 of 2nd period - Stopped by Pekka Rinne with a rebound.
8:19 of 2nd period - Slapshot by Tobias Enstrom.
8:19 of 2nd period - Stopped by Pekka Rinne with a rebound.
8:21 of 2nd period - Slapshot by Braydon Coburn.
8:21 of 2nd period - Deflect By Blake Comeau.
8:21 of 2nd period - Shot Misses the Net.
8:21 of 2nd period - Puck is out of play.
8:22 of 2nd period - Mikhail Grabovski wins face-off versus Zac Dalpe in Flames zone.
9:15 of 2nd period - Snap shot by Steve Regier.
9:15 of 2nd period - Stopped by Marc-André Fleury with a rebound.
9:17 of 2nd period - Wrist shot by Steve Regier.
9:17 of 2nd period - Deflect By Michel Ouellet.
9:17 of 2nd period - Stopped by Marc-André Fleury without a rebound.
9:18 of 2nd period - Ben Smith wins face-off versus Eric Staal in Maple Leafs zone.
9:25 of 2nd period - David Backes is hit by Fabian Brunnstrom and loses puck.
9:44 of 2nd period - David Backes is hit by Blake Comeau and loses puck.
10:31 of 2nd period - Steve Regier is hit by Ben Smith and loses puck.
10:42 of 2nd period - Jordan Staal is hit by Sami Vatanen and loses puck.
11:23 of 2nd period - Taylor Chorney is hit by Colin Wilson and loses puck.
11:28 of 2nd period - Slapshot by Michel Ouellet.
11:28 of 2nd period - Deflect By Steve Regier.
11:28 of 2nd period - Shot Misses the Net.
11:28 of 2nd period - Puck is out of play.
11:29 of 2nd period - Eric Staal wins face-off versus Antoine Vermette in Maple Leafs zone.
11:34 of 2nd period - Wrist shot by David Backes.
11:34 of 2nd period - Stopped by Marc-André Fleury without a rebound.
11:35 of 2nd period - Eric Staal wins face-off versus Antoine Vermette in Maple Leafs zone.
12:11 of 2nd period - Wrist shot by David Backes.
12:11 of 2nd period - Shot Misses the Net.
12:27 of 2nd period - Slapshot by Tobias Enstrom.
12:27 of 2nd period - Shot Blocked by David Backes.
12:29 of 2nd period - Slapshot by Tobias Enstrom.
12:29 of 2nd period - Shot Blocked by Eric Staal.
12:31 of 2nd period - Slapshot by Braydon Coburn.
12:31 of 2nd period - Stopped by Pekka Rinne without a rebound.
12:32 of 2nd period - Gilbert Brule wins face-off versus Patrik Berglund in Flames zone.
12:58 of 2nd period - John Klingberg is hit by Steve Regier and loses puck.
13:37 of 2nd period - Taylor Chorney is hit by Jordin Tootoo and loses puck.
14:00 of 2nd period - Snap shot by Colin Wilson.
14:00 of 2nd period - Stopped by Marc-André Fleury with a rebound.
14:11 of 2nd period - Minor Penalty to Alexander Semin for Interference.
14:12 of 2nd period - Mikhail Grabovski wins face-off versus Jordan Staal in Flames zone.
14:45 of 2nd period - Off-side.
14:46 of 2nd period - Jordan Staal wins face-off versus Eric Staal in neutral zone.
14:50 of 2nd period - Off-side.
14:51 of 2nd period - Jordan Staal wins face-off versus Eric Staal in neutral zone.
16:03 of 2nd period - Wrist shot by Jordan Staal.
16:03 of 2nd period - Shot Misses the Net.
16:05 of 2nd period - Snap shot by Jordan Staal.
16:05 of 2nd period - Goal by Jordan Staal - Maple Leafs : 1 - Flames : 3.
16:06 of 2nd period - Eric Staal wins face-off versus Gilbert Brule in neutral zone.
17:11 of 2nd period - Wrist shot by Mikhail Grabovski.
17:11 of 2nd period - Stopped by Marc-André Fleury with a rebound.
17:34 of 2nd period - Slapshot by Jordin Tootoo.
17:34 of 2nd period - Stopped by Marc-André Fleury with a rebound.
17:36 of 2nd period - Slapshot by Derek Meech.
17:36 of 2nd period - Stopped by Marc-André Fleury without a rebound.
17:37 of 2nd period - Patrik Berglund wins face-off versus Antoine Vermette in Maple Leafs zone.
17:38 of 2nd period - Snap shot by Jordin Tootoo.
17:38 of 2nd period - Shot Misses the Net.
18:54 of 2nd period - Wrist shot by Derek Meech.
18:54 of 2nd period - Shot Misses the Net.
19:06 of 2nd period - Snap shot by Zac Dalpe.
19:06 of 2nd period - Shot Misses the Net.
19:08 of 2nd period - Backhand shot by Alex Killorn.
19:08 of 2nd period - Stopped by Pekka Rinne with a rebound.
19:28 of 2nd period - Slapshot by Erik Johnson.
19:28 of 2nd period - Shot Misses the Net.
Goals for this period are 1 for Maple Leafs vs 2 for Flames.
Shots for this period are 9 for Maple Leafs vs 14 for Flames.
3rd period
0:01 of 3rd period - Jordan Staal wins face-off versus Eric Staal in neutral zone.
0:12 of 3rd period - Slapshot by Jordan Staal.
0:12 of 3rd period - Stopped by Pekka Rinne without a rebound.
0:13 of 3rd period - Jordan Staal wins face-off versus Eric Staal in Flames zone.
0:14 of 3rd period - Snap shot by Claude Giroux.
0:14 of 3rd period - Shot Misses the Net.
0:16 of 3rd period - Slapshot by Marc-Édouard Vlasic.
0:16 of 3rd period - Stopped by Pekka Rinne without a rebound.
0:17 of 3rd period - Jordan Staal wins face-off versus Eric Staal in Flames zone.
0:20 of 3rd period - Wrist shot by Claude Giroux.
0:20 of 3rd period - Shot Misses the Net.
0:22 of 3rd period - Slapshot by Marc-Édouard Vlasic.
0:22 of 3rd period - Shot Blocked by Steve Eminger.
0:28 of 3rd period - Wrist shot by Artemi Panarin.
0:28 of 3rd period - Shot Blocked by Steve Eminger.
0:30 of 3rd period - Snap shot by Claude Giroux.
0:30 of 3rd period - Goal by Claude Giroux - Maple Leafs : 2 - Flames : 3.
0:31 of 3rd period - Eric Staal wins face-off versus Jordan Staal in neutral zone.
0:34 of 3rd period - Slapshot by Erik Johnson.
0:34 of 3rd period - Stopped by Marc-André Fleury without a rebound.
0:35 of 3rd period - Eric Staal wins face-off versus Jordan Staal in Maple Leafs zone.
0:42 of 3rd period - Wrist shot by Alexander Semin.
0:42 of 3rd period - Stopped by Marc-André Fleury without a rebound.
0:43 of 3rd period - David Backes wins face-off versus Jordan Staal in Maple Leafs zone.
0:56 of 3rd period - Snap shot by Alexander Semin.
0:56 of 3rd period - Shot Misses the Net.
0:58 of 3rd period - Wrist shot by Eric Staal.
0:58 of 3rd period - Shot Misses the Net.
1:10 of 3rd period - Sami Vatanen is hit by Gilbert Brule and loses puck.
1:11 of 3rd period - Sami Vatanen from Flames is injured at 1:11 of 3rd period (Bruised Right Foot).
1:12 of 3rd period - Patrik Berglund wins face-off versus Jordan Staal in Flames zone.
1:19 of 3rd period - Snap shot by Steve Eminger.
1:19 of 3rd period - Stopped by Marc-André Fleury with a rebound.
1:39 of 3rd period - David Backes is hit by Artemi Panarin and loses puck.
1:44 of 3rd period - Snap shot by Colby Armstrong.
1:44 of 3rd period - Stopped by Pekka Rinne without a rebound.
1:45 of 3rd period - Eric Staal wins face-off versus Antoine Vermette in Flames zone.
2:00 of 3rd period - Snap shot by Alexander Semin.
2:00 of 3rd period - Deflect By Eric Staal.
2:00 of 3rd period - Goal by Eric Staal - Maple Leafs : 2 - Flames : 4.
2:01 of 3rd period - Patrik Berglund wins face-off versus Jordan Staal in neutral zone.
2:12 of 3rd period - Snap shot by Jordin Tootoo.
2:12 of 3rd period - Deflect By Claude Giroux.
2:12 of 3rd period - Stopped by Marc-André Fleury with a rebound.
2:55 of 3rd period - Fabian Brunnstrom is hit by Lubomir Visnovsky and loses puck.
3:28 of 3rd period - John Klingberg is hit by Derek Meech and loses puck.
3:40 of 3rd period - Backhand shot by Jordin Tootoo.
3:40 of 3rd period - Shot Misses the Net.
3:50 of 3rd period - John Klingberg is hit by Derek Meech and loses puck.
4:09 of 3rd period - Slapshot by Marc-Édouard Vlasic.
4:09 of 3rd period - Stopped by Pekka Rinne with a rebound.
4:17 of 3rd period - Colby Armstrong is hit by Eric Staal and loses puck.
4:30 of 3rd period - John Klingberg is hit by Mikhail Grabovski and loses puck.
4:59 of 3rd period - Colin Wilson is hit by Jordan Staal and loses puck.
5:16 of 3rd period - Gilbert Brule is hit by Alexander Semin and loses puck.
5:41 of 3rd period - Ryan Parent is hit by Brad Marchand and loses puck.
6:04 of 3rd period - Slapshot by Blake Comeau.
6:04 of 3rd period - Deflect By Zac Dalpe.
6:04 of 3rd period - Stopped by Pekka Rinne without a rebound.
6:05 of 3rd period - Zac Dalpe wins face-off versus Eric Staal in Flames zone.
6:22 of 3rd period - Blake Comeau is hit by Alexander Semin and loses puck.
7:36 of 3rd period - Claude Giroux is hit by David Backes and loses puck.
7:56 of 3rd period - Off-side.
7:57 of 3rd period - Zac Dalpe wins face-off versus Patrik Berglund in neutral zone.
8:18 of 3rd period - Taylor Chorney is hit by Jordin Tootoo and loses puck.
8:33 of 3rd period - Snap shot by Patrik Berglund.
8:33 of 3rd period - Stopped by Marc-André Fleury with a rebound.
8:35 of 3rd period - Snap shot by Patrik Berglund.
8:35 of 3rd period - Shot Misses the Net.
8:37 of 3rd period - Slapshot by Erik Johnson.
8:37 of 3rd period - Stopped by Marc-André Fleury with a rebound.
8:55 of 3rd period - Wrist shot by Blake Comeau.
8:55 of 3rd period - Stopped by Pekka Rinne without a rebound.
8:56 of 3rd period - Eric Staal wins face-off versus Jordan Staal in Flames zone.
9:07 of 3rd period - Slapshot by Eric Staal.
9:07 of 3rd period - Stopped by Marc-André Fleury with a rebound.
9:09 of 3rd period - Slapshot by Steve Eminger.
9:09 of 3rd period - Shot Blocked by Jordan Staal.
9:24 of 3rd period - Icing by Gilbert Brule.
9:25 of 3rd period - Gilbert Brule wins face-off versus Colin Wilson in Maple Leafs zone.
9:25 of 3rd period - Gilbert Brule is hit by Derek Meech.
9:34 of 3rd period - Snap shot by Gilbert Brule.
9:34 of 3rd period - Shot Misses the Net.
10:15 of 3rd period - Wrist shot by Michel Ouellet.
10:15 of 3rd period - Stopped by Marc-André Fleury without a rebound.
10:16 of 3rd period - Eric Staal wins face-off versus Jordan Staal in Maple Leafs zone.
10:17 of 3rd period - Snap shot by David Backes.
10:17 of 3rd period - Goal by David Backes - Maple Leafs : 2 - Flames : 5.
10:18 of 3rd period - Eric Staal wins face-off versus Jordan Staal in neutral zone.
10:21 of 3rd period - Snap shot by Eric Staal.
10:21 of 3rd period - Shot Misses the Net.
10:23 of 3rd period - Slapshot by Lubomir Visnovsky.
10:23 of 3rd period - Stopped by Marc-André Fleury with a rebound.
10:25 of 3rd period - Slapshot by Steve Eminger.
10:25 of 3rd period - Deflect By Alexander Semin.
10:25 of 3rd period - Shot Blocked by Claude Giroux.
10:25 of 3rd period - Puck is out of play.
10:26 of 3rd period - Claude Giroux wins face-off versus Eric Staal in Maple Leafs zone.
10:26 of 3rd period - Claude Giroux is hit by Eric Staal.
10:39 of 3rd period - Minor Penalty to Eric Staal for Holding.
10:40 of 3rd period - Jordan Staal wins face-off versus Mikhail Grabovski in Flames zone.
10:57 of 3rd period - Snap shot by Claude Giroux.
10:57 of 3rd period - Stopped by Pekka Rinne without a rebound.
10:58 of 3rd period - Jordin Tootoo wins face-off versus Gilbert Brule in Flames zone.
11:25 of 3rd period - John Klingberg is hit by Mikhail Grabovski and loses puck.
12:39 of 3rd period - Penalty to Eric Staal is over, Eric Staal is back on ice.
14:34 of 3rd period - Minor Penalty to Erik Johnson for Holding.
14:35 of 3rd period - Jordan Staal wins face-off versus Eric Staal in Flames zone.
14:38 of 3rd period - Snap shot by Jordan Staal.
14:38 of 3rd period - Stopped by Pekka Rinne without a rebound.
14:39 of 3rd period - Eric Staal wins face-off versus Jordan Staal in Flames zone.
14:52 of 3rd period - Wrist shot by Claude Giroux.
14:52 of 3rd period - Stopped by Pekka Rinne without a rebound.
14:53 of 3rd period - Jordan Staal wins face-off versus Mikhail Grabovski in Flames zone.
15:06 of 3rd period - Slapshot by Eric Staal.
15:06 of 3rd period - Shot Blocked by Tobias Enstrom.
15:12 of 3rd period - Ron Hainsey is hit by Claude Giroux and loses puck.
16:34 of 3rd period - Penalty to Erik Johnson is over, Erik Johnson is back on ice.
16:44 of 3rd period - Zac Dalpe is hit by Colin Wilson and loses puck.
17:22 of 3rd period - Icing by Jonathan Ferland.
17:23 of 3rd period - Mikhail Grabovski wins face-off versus Blake Comeau in Flames zone.
17:28 of 3rd period - Tobias Enstrom is hit by Mikhail Grabovski and loses puck.
17:45 of 3rd period - Ben Smith is hit by Eric Staal and loses puck.
17:54 of 3rd period - Wrist shot by Eric Staal.
17:54 of 3rd period - Stopped by Marc-André Fleury without a rebound.
17:55 of 3rd period - Patrik Berglund wins face-off versus Jordan Staal in Maple Leafs zone.
17:56 of 3rd period - Wrist shot by Brad Marchand.
17:56 of 3rd period - Shot Misses the Net.
18:19 of 3rd period - Icing by Alexander Semin.
18:20 of 3rd period - Eric Staal wins face-off versus Antoine Vermette in Flames zone.
18:37 of 3rd period - Slapshot by David Backes.
18:37 of 3rd period - Stopped by Marc-André Fleury with a rebound.
19:13 of 3rd period - Snap shot by Michel Ouellet.
19:13 of 3rd period - Stopped by Marc-André Fleury with a rebound.
19:23 of 3rd period - Snap shot by Steve Regier.
19:23 of 3rd period - Stopped by Marc-André Fleury with a rebound.
19:25 of 3rd period - Backhand shot by Michel Ouellet.
19:25 of 3rd period - Goal by Michel Ouellet - Maple Leafs : 2 - Flames : 6.
19:26 of 3rd period - Eric Staal wins face-off versus Gilbert Brule in neutral zone.
19:31 of 3rd period - Ben Smith is hit by David Backes and loses puck.
Goals for this period are 1 for Maple Leafs vs 3 for Flames.
Shots for this period are 10 for Maple Leafs vs 16 for Flames.
Back to the Top